AoeStats
← _xRegulusx_

Arena

508738983Analyzed
4v4 RM · 9d ago on Sep 23, 2026· 72m 3s· 8 players
Game mode
Random Map
Map size
Large (8 player)
Population
200
Speed
Normal
Resources
Standard
Victory
Conquest
Starting age
Dark Age
Ending age
Imperial Age
RankedLock teamsTeams togetherTeam positionsShared explorationLock speedFull tech treeHidden civsTurbo modeCheats
Victory
Defeat
🇲🇽 Saracens · Mexico
1500
+17
🇪🇸 Wu · Spain
1469
+18
🇩🇪 Danes · Germany
1443
+19
🇨🇱 Mapuche · Chile
1399
+20
🇩🇰 Inca · Denmark
1545
-21
🇮🇳 Chinese · India
1530
-19
🇨🇳 Magyars · China
1529
-19
🇹🇼 Persians · Taiwan
1432
-15
软脚虾3号
10:04 Feudal Age
13:43 Castle Age
12:03 Double-Bit Axe
12:12 Horse Collar
14:48 Bow Saw
20:20 Heavy Plow
22:00 Wheelbarrow
23:03 Gold Mining
23:04 Stone Mining
27:16 Imperial Age
24:47 Loom
24:50 Town Watch
25:49 Hand Cart
26:28 Gold Shaft Mining
26:29 Stone Shaft Mining
26:20 Ballistics
26:16 Fletching
26:27 Padded Archer Armor
26:52 Bodkin Arrow
27:46 Husbandry
27:56 Bloodlines
28:02 Leather Archer Armor
29:01 Chemistry
28:24 Conscription
27:33 Cranequins
27:39 Cranequins
28:59 Thumb Ring
28:56 Bracer
29:55 Ring Archer Armor
29:40 Heavy Mounted Crossbowman
31:21 Onager
32:38 Siege Onager
33:41 Siege Engineers
35:33 Northmen's Fury
38:09 Capped Ram
39:19 Scale Barding Armor
39:24 Forging
41:10 Chain Barding Armor
41:25 Iron Casting
40:12 Light Cavalry
40:26 Siege Ram
42:13 Caravan
48:04 Plate Barding Armor
48:29 Blast Furnace
48:38 Blast Furnace
51:01 Elite Skirmisher
53:42 Masonry
55:46 Hoardings
56:31 Scale Mail Armor
58:01 Pikeman
58:42 Squires
58:27 Arson
60:34 Halberdier
71:23 Chain Mail Armor
70:43 Halberdier
Gaucho_Jaimico
10:38 Feudal Age
14:40 Castle Age
12:55 Horse Collar
13:50 Double-Bit Axe
16:03 Bow Saw
17:00 Heavy Plow
21:41 Wheelbarrow
22:26 Stone Mining
22:28 Gold Mining
23:47 Stone Shaft Mining
24:55 Gold Shaft Mining
27:55 Imperial Age
25:40 Fletching
26:27 Hand Cart
26:12 Loom
26:45 Bodkin Arrow
28:03 Ballistics
28:02 Padded Archer Armor
28:30 Malon
30:38 Chemistry
30:44 Masonry
31:07 Conscription
30:36 Elite Skirmisher
32:24 Leather Archer Armor
40:02 Pikeman
41:04 Halberdier
64:50 Caravan
69:47 Town Watch
71:13 Elite Bolas Rider
_xRegulusx_
10:32 Feudal Age
14:10 Castle Age
12:15 Horse Collar
14:15 Double-Bit Axe
15:13 Bow Saw
18:45 Heavy Plow
22:27 Wheelbarrow
23:45 Hand Cart
28:20 Imperial Age
25:59 Gold Mining
26:00 Stone Mining
27:21 Scale Barding Armor
28:12 Forging
28:43 Gold Shaft Mining
28:58 Chain Barding Armor
29:20 Husbandry
29:50 Bloodlines
30:28 Iron Casting
31:31 Chemistry
30:00 Elite Mameluke
31:01 Conscription
31:41 Plate Barding Armor
30:27 Light Cavalry
33:02 Blast Furnace
32:40 Hussar
37:24 Counterweights
44:13 Caravan
48:53 Fletching
49:14 Masonry
49:43 Elite Skirmisher
51:13 Bodkin Arrow
51:46 Ballistics
56:38 Parthian Tactics
56:20 Thumb Ring
56:16 Bracer
57:45 Padded Archer Armor
59:01 Two-Man Saw
59:46 Heavy Cavalry Archer
61:11 Siege Engineers
61:09 Heavy Camel Rider
66:53 Hoardings
69:01 Capped Ram
70:16 Leather Archer Armor
70:14 Onager
70:20 Onager
Garabatov
10:45 Feudal Age
14:35 Castle Age
13:25 Loom
14:04 Double-Bit Axe
14:05 Horse Collar
15:22 Fletching
17:08 Bodkin Arrow
22:03 Wheelbarrow
22:51 Bow Saw
26:17 Padded Archer Armor
26:56 Hand Cart
28:39 Gold Mining
29:25 Leather Archer Armor
29:36 Town Watch
30:19 Heavy Plow
35:08 Imperial Age
32:37 Treadmill Crane
33:57 Gold Shaft Mining
32:59 Pikeman
33:43 Scale Mail Armor
33:57 Squires
34:35 Masonry
35:55 Chain Mail Armor
37:09 Chemistry
35:50 Halberdier
38:04 Bracer
38:37 Plate Mail Armor
38:07 Bracer
39:35 Conscription
40:19 Two-Man Saw
40:44 Sitting Tiger
41:11 Forging
42:12 Red Cliffs Tactics
43:19 Iron Casting
46:33 Blast Furnace
45:05 Elite Fire Archer
48:56 Scale Barding Armor
49:53 Caravan
52:46 Ballistics
58:55 Light Cavalry
59:45 Bloodlines
59:37 Husbandry
61:54 Hussar
63:01 Chain Barding Armor
67:18 Town Patrol
Lord Longshaft
13:02 Feudal Age
13:59 Double-Bit Axe
13:55 Horse Collar
14:08 Gold Mining
17:17 Castle Age
16:52 Loom
18:34 Scale Mail Armor
18:37 Squires
19:39 Chain Mail Armor
21:50 Forging
23:06 Iron Casting
27:35 Fletching
31:10 Town Watch
34:50 Wheelbarrow
36:45 Bow Saw
40:33 Imperial Age
38:23 Bodkin Arrow
38:40 Thumb Ring
38:54 Padded Archer Armor
38:18 Elite Skirmisher
39:24 Ballistics
39:37 Heavy Plow
39:59 Stone Mining
40:50 Andean Sling
41:18 Masonry
42:13 Hand Cart
42:02 Bracer
43:22 Leather Archer Armor
第一滴血
10:09 Feudal Age
13:38 Castle Age
11:50 Double-Bit Axe
15:55 Wheelbarrow
19:39 Horse Collar
22:02 Heavy Plow
22:18 Hand Cart
27:45 Imperial Age
25:23 Gold Mining
25:24 Stone Mining
26:02 Ballistics
27:55 Gold Shaft Mining
27:29 Fletching
28:09 Thumb Ring
28:18 Bodkin Arrow
28:24 Padded Archer Armor
28:35 Heavy Cavalry Archer
30:03 Recurve Bow
30:58 Parthian Tactics
30:39 Bracer
31:49 Chemistry
31:58 Crop Rotation
31:59 Corvinian Army
32:40 Conscription
32:39 Leather Archer Armor
32:56 Scale Barding Armor
33:32 Bloodlines
33:22 Husbandry
34:05 Ring Archer Armor
36:45 Elite Magyar Huszar
38:12 Chain Barding Armor
40:16 Plate Barding Armor
49:08 Hoardings
48:47 Masonry
48:43 Siege Engineers
51:35 Treadmill Crane
52:29 Coinage
54:10 Elite Skirmisher
58:34 Capped Ram
62:16 Banking
62:50 Caravan
63:44 Pikeman
64:25 Scale Mail Armor
mung bean cake
10:20 Feudal Age
14:27 Castle Age
12:21 Double-Bit Axe
12:21 Horse Collar
15:17 Bow Saw
16:34 Wheelbarrow
21:28 Hand Cart
24:47 Loom
24:49 Town Watch
27:58 Imperial Age
25:22 Loom
26:22 Gold Mining
26:40 Scale Barding Armor
26:46 Forging
28:20 Chain Barding Armor
28:21 Bloodlines
28:11 Husbandry
28:48 Devotion
28:39 Elite War Elephant
30:33 Plate Barding Armor
30:24 Conscription
32:22 Gold Shaft Mining
31:38 Stone Mining
33:22 Two-Man Saw
32:33 Heavy Plow
38:49 Chemistry
38:31 Masonry
38:42 Ballistics
39:24 Kamandaran
39:20 Fletching
39:34 Padded Archer Armor
39:07 Crossbowman
39:53 Thumb Ring
39:59 Thumb Ring
42:56 Bodkin Arrow
46:10 Leather Archer Armor
46:31 Iron Casting
46:29 Architecture
49:37 Pikeman
50:18 Squires
52:06 Ring Archer Armor
51:49 Caravan
55:09 Stone Shaft Mining
54:48 Light Cavalry
58:44 Blast Furnace
57:45 Scale Mail Armor
58:36 Coinage
57:29 Hussar
63:32 Chain Mail Armor
63:17 Halberdier
64:27 Citadels
64:04 Arson
65:15 Crop Rotation
66:12 Plate Mail Armor
69:08 Coinage
68:48 Guilds
The Sage
9:21 Feudal Age
13:29 Castle Age
11:39 Double-Bit Axe
11:40 Horse Collar
18:23 Bow Saw
22:02 Wheelbarrow
22:43 Heavy Plow
23:34 Hand Cart
28:15 Imperial Age
25:32 Loom
25:19 Crossbowman
25:50 Fletching
26:36 Ballistics
26:37 Bodkin Arrow
27:19 Thumb Ring
27:41 Masonry
28:32 Capped Ram
28:35 Arbalester
29:21 Bracer
29:22 Padded Archer Armor
30:28 Chemistry
30:35 Architecture
30:29 Conscription
30:39 Siege Ram
30:45 Siege Ram
31:59 Leather Archer Armor
35:43 Elite Skirmisher
37:01 Ring Archer Armor
36:55 Scale Barding Armor
37:00 Forging
36:13 Light Cavalry
37:03 Bloodlines
36:53 Husbandry
37:11 Bloodlines
38:18 Chain Barding Armor
39:36 Plate Barding Armor
39:54 Iron Casting
41:58 Blast Furnace
44:49 Pikeman
45:29 Squires
45:39 Scale Mail Armor
48:21 Squires
47:44 Halberdier
49:33 Chain Mail Armor
51:12 Plate Mail Armor
53:04 Caravan
65:35 Arson
69:06 Coinage
Connection lost

Rejoining the realm…

Still unreachable

The connection could not be restored.

Session expired

The server has moved on; the page needs a fresh start.